 Dungeon Crawl Stone Soup version 0.21.0 (webtiles) character file.

37 Blackhawk the Sneak (level 3, 0/24 HPs)
             Began as a Spriggan Enchanter on May 29, 2018.
             Succumbed to an adder's poison
             ... on level 2 of the Dungeon.
             The game lasted 00:04:03 (1465 turns).

Blackhawk the Sneak (Spriggan Enchanter)            Turns: 1465, Time: 00:04:03

Health: 0/24       AC:  2    Str:  9    XL:     3   Next: 21%
Magic:  8/8        EV: 19    Int: 16    God:
Gold:   73         SH:  0    Dex: 17    Spells: 6/7 levels left

rFire    . . .     SeeInvis +   a - +1 dagger
rCold    . . .     Gourm    .   (shield restricted)
rNeg     . . .     Faith    .   b - +0 robe
rPois    .         Spirit   .   (helmet restricted)
rElec    .         Reflect  .   (no cloak)
rCorr    .         Harm     .   (gloves unavailable)
MR       .....                  (boots unavailable)
Stlth    ..........             (no amulet)
HPRegen  0.08/turn              (no ring)
MPRegen  0.11/turn              (no ring)

@: berserking, lethally poisoned (0 -> -7), very quick
A: very small, unfitting armour, see invisible, herbivore, speed 3, slow
metabolism 2
a: no special abilities


You were on level 2 of the Dungeon.
You were not hungry.

You visited 1 branch of the dungeon, and saw 2 of its levels.

You collected 73 gold pieces.

Inventory:

Hand Weapons
 a - a +1 dagger (weapon)
Armour
 b - a +0 robe (worn)
 h - a cursed +0 pair of boots
Scrolls
 e - a scroll of identify {unknown}
 f - 6 scrolls of remove curse {unknown}
 g - a scroll of fear {unknown}
 j - a scroll of magic mapping {unknown}
 k - a scroll of enchant weapon {unknown}
Books
 c - a book of Maledictions

   Spells                             Type                      Level
   a - Corona                         Hexes                        1
   b - Ensorcelled Hibernation        Hexes/Ice                    2
   c - Confuse                        Hexes                        3
   d - Tukima's Dance                 Hexes                        3
   e - Dazzling Spray                 Conjuration/Hexes            3
Comestibles
 d - 4 rations


   Skills:
 + Level 1.8 Short Blades
 + Level 3.4 Dodging
 + Level 5.3 Stealth
 + Level 2.8 Spellcasting
 + Level 4.1 Hexes


You had 6 spell levels left.
You knew the following spells:

 Your Spells              Type           Power        Failure   Level  Hunger
a - Corona                Hex            ###....      3%          1    #......


Dungeon Overview and Level Annotations

Branches:
Dungeon (2/15)

Altars:


Innate Abilities, Weirdness & Mutations

You are very small and have problems with some larger weapons.
You are too small for most types of armour.
You have supernaturally acute eyesight. (SInv)
You are a herbivore.
You cover ground extremely quickly.
You need consume almost no food.


Message History

* * * LOW HITPOINT WARNING * * *
You feel sick. The adder misses you. The adder barely misses you.
You hit the adder.
The adder is heavily wounded.
The adder barely misses you.
You barely miss the adder.
The adder is heavily wounded.
* * * LOW HITPOINT WARNING * * *
You feel sick. The adder misses you.
You barely miss the adder.
The adder is heavily wounded.
* * * LOW HITPOINT WARNING * * *
You feel sick. The adder bites you but does no damage.
It was a potion of berserk rage.
A red film seems to cover your vision as you go berserk!
You feel yourself moving faster!
You feel mighty! The adder barely misses you.
Unknown command.
You miss the adder.
The adder is heavily wounded.
You die...

######.## ..
.........# #.
.........# #.
########.# #.### #.#
#...# #.# #...# #.#
#..S# #.#
#..@########.#
####..........#.#
#........#####.#.###
+.........# #.#...#
#.........# #.###.#
#....####.####.###.#
#.... .#.†......#
#.... .#.##.##..#
#### .#.##.##..#


You could see an adder.

Vanquished Creatures
  6 bats
  3 hobgoblins (D:1)
  4 jackals (D:1)
  5 frilled lizards
  8 goblins (D:1)
  6 kobolds
  4 rats (D:1)
36 creatures vanquished.

Notes
Turn   | Place    | Note
-------+----------+-------------------------------------------
     0 | D:1      | Blackhawk the Spriggan Enchanter began the quest for the Orb.
     0 | D:1      | Reached XP level 1. HP: 9/9 MP: 5/5
   142 | D:1      | Reached XP level 2. HP: 13/13 MP: 6/6
   496 | D:1      | Reached skill level 5 in Stealth
  1026 | D:1      | Reached XP level 3. HP: 16/16 MP: 8/8
  1465 | D:2      | Succumbed to an adder's poison

Skill      XL: |  1  2 |
---------------+-------+-----
Hexes          | 4 |  4.1
Stealth        | 5 |  5.3
Short Blades   | |  1.8
Dodging        | |  3.4
Spellcasting   | |  2.8

Action                   || total
-------------------------++-------
Melee: Dagger            ||   156
  Use: Potion            ||     1
 Stab: Sleeping          ||     9
Armor: Robe              ||    17
Dodge: Dodged            ||   138
